 Dungeon Crawl Stone Soup version 0.28.0-62-gf88900778d (webtiles) character file.

Game seed: 8412715397757399612

1647 jjjjhere the Covert (level 9, 0/51 HPs)
             Began as a Kobold Berserker on Aug 19, 2023.
             Was a Priest of Trog.
             Killed from afar by a white imp (10 damage)
             ... with a puff of frost
             ... summoned by an orc wizard
             ... on level 6 of the Dungeon.
             The game lasted 00:07:09 (5476 turns).

jjjjhere the Covert (Kobold Berserker)              Turns: 5476, Time: 00:07:10

Health: 0/51       AC:  2    Str: 20    XL:     9   Next: 19%
Magic:  9/9        EV: 20    Int:  8    God:    Trog [***...]
Gold:   351        SH:  0    Dex: 19    Spells: 8/8 levels left

rFire   . . .      SeeInvis .   s - +2 dagger (venom)
rCold   . . .      Faith    .   (no shield)
rNeg    . . .      Spirit   .   b - +0 animal skin
rPois   .          Reflect  .   (no helmet)
rElec   .          Harm     .   (no cloak)
rCorr   .          Rampage  .   (no gloves)
Will    .....                   (no boots)
Stlth   ++++++....              (no amulet)
HPRegen 0.17/turn               g - +6 ring of strength
MPRegen 0.11/turn               (no ring)

@: on berserk cooldown, slowed, very slow
A: small, no large weapons, nightstalker 3
a: Renounce Religion, Berserk, Trog's Hand


You were on level 6 of the Dungeon.
You worshipped Trog.
Trog was most pleased with you.
You visited 1 branch of the dungeon, and saw 6 of its levels.
You also visited: Sewer.

You collected 351 gold pieces.

Inventory:

Hand Weapons
 a - a +0 short sword
 s - a +2 dagger of venom (weapon)
Missiles
 c - 2 boomerangs (quivered)
Armour
 b - a +0 animal skin (worn)
Jewellery
 g - a +6 ring of strength (left hand)
Wands
 r - a wand of iceblast (8)
 z - a wand of digging (5)
Scrolls
 e - 2 scrolls of amnesia
 h - a scroll of noise {unknown}
 i - a scroll of magic mapping {unknown}
 k - 2 scrolls of enchant weapon {unknown}
 l - 3 scrolls of identify
 n - a scroll of fear {unknown}
 o - 2 scrolls of teleportation {unknown}
 p - a scroll of enchant armour {unknown}
 q - a scroll of holy word {unknown}
 t - a scroll of blinking {unknown}
 u - a scroll of vulnerability {unknown}
 w - 2 scrolls of fog {unknown}
 y - a scroll of immolation {unknown}
Potions
 d - 3 potions of curing {unknown}
 f - 2 potions of cancellation {unknown}
 j - a potion of heal wounds {unknown}
 m - a potion of attraction {unknown}
 v - a potion of brilliance {unknown}
 x - a potion of lignification {unknown}
 A - a potion of mutation {unknown}


   Skills:
 - Level 3.3 Fighting
 + Level 7.9 Short Blades
 - Level 1.6 Armour
 + Level 8.6 Dodging
 + Level 9.7 Stealth


You had 8 spell levels left.
You didn't know any spells.
Your spell library was empty.

Dungeon Overview and Level Annotations

Branches:
Dungeon (6/15)             Temple (0/1) D:6           Sewer (visited)

Altars:
Ashenzari
Elyvilon
The Shining One


Innate Abilities, Weirdness & Mutations

You are small and have problems with some larger weapons.
You are completely attuned to the shadows.


Message History

The iguana hisses angrily.
You puncture the orc!
You kill the orc!
The orc's corpse dissolves into shadows!
You feel sick.
The gnoll shouts!
The gnoll sergeant hits you from afar with a +0 spear!
The gnoll completely misses you.
You hit the white imp. Your punch misses the white imp.
The white imp is moderately wounded.
You feel sick.
The centaur skeleton completely misses you.
The centaur skeleton kicks you. The gnoll barely misses you.
You feel sick.
You are no longer poisoned.
The gnoll sergeant misses you. The gnoll barely misses you.
The white imp laughs crazily.
The white imp gestures at you. The puff of frost misses you.
You feel a strong urge to attack something.
You feel less confused. The gnoll completely misses you.
You are no longer berserk.
You are exhausted.
You feel yourself slow down.
Unknown command.
As you read the scroll labelled ISKOUSA QEOTSI, it crumbles to dust.
It is a scroll of identify.
e - 2 scrolls of amnesia The gnoll misses you.
The white imp gestures at you. The puff of frost hits you!
* * * LOW HITPOINT WARNING * * *
The orc closely misses you.
The gnoll hits you from afar with a +0 halberd.
* * * LOW HITPOINT WARNING * * *
The gnoll completely misses you. The white imp gestures at you.
The puff of frost hits you!
You die...

## #######
#.###...#.###
............
#...........
#...........
########..........
####....###..........
..........(..........
....@................
.....ooo†........####
..ggg5.Y.........
....gS)o).......
....l.Z........
......Z.....
........... .........


You could see an ice beast, a gnoll sergeant (summoned), an iguana (summoned), 3
gnolls, an adder (summoned), a white imp (summoned), 4 orcs and a centaur
skeleton (summoned).

Vanquished Creatures
  Sigmund (D:5)
  Menkaure (D:5)
  A black bear (D:5)
  Pargi (Sewer)
  An ice beast (D:5)
  An ogre (D:5)
  A centaur (D:5)
  A phantom (D:6)
  4 scorpions (D:5)
  A bullfrog zombie (D:5)
  3 hounds
  A jelly (D:6)
  3 orc priests
  4 iguanas (D:5)
  4 orc wizards (D:3)
  A hound skeleton (D:4)
  7 adders
  An ufetubus (D:4)
  3 worms
  A dart slug (D:1)
  12 orcs
  5 ball pythons
  5 endoplasms
  5 giant cockroaches
  7 hobgoblins
  3 jackals
  4 kobolds
  9 quokkas
  2 bats (D:1)
  2 frilled lizards
  6 goblins
  3 rats
104 creatures vanquished.

Notes
Turn   | Place    | Note
-------+----------+-------------------------------------------
     0 | D:1      | jjjjhere the Kobold Berserker began the quest for the Orb.
     0 | D:1      | Reached XP level 1. HP: 14/14 MP: 1/1
   194 | D:1      | HP: 4/14 [bat (1)]
   199 | D:1      | HP: 2/14 [bat (1)]
   205 | D:1      | Reached XP level 2. HP: 6/19 MP: 2/2
   453 | D:1      | Reached skill level 1 in Stealth
   657 | D:1      | Reached skill level 2 in Stealth
   657 | D:1      | Reached XP level 3. HP: 21/23 MP: 3/3
   818 | D:1      | Found a faded altar of an unknown god.
  1527 | D:2      | Reached skill level 3 in Stealth
  1527 | D:2      | Reached XP level 4. HP: 28/28 MP: 4/4
  1882 | D:3      | Reached ** piety under Trog
  1992 | D:3      | Found a glowing golden altar of the Shining One.
  2136 | D:3      | Found a glowing drain.
  2144 | Sewer    | Entered a sewer
  2209 | Sewer    | Noticed Pargi
  2217 | Sewer    | Killed Pargi
  2218 | Sewer    | Reached skill level 4 in Stealth
  2218 | Sewer    | Reached XP level 5. HP: 32/32 MP: 5/5
  2642 | D:3      | Reached skill level 5 in Dodging
  2642 | D:3      | Reached skill level 5 in Stealth
  2642 | D:3      | Reached XP level 6. HP: 37/37 MP: 6/6
  3064 | D:3      | Reached skill level 6 in Stealth
  3520 | D:4      | Identified the +0 leather armour "Feciphag" {rF++ Will-}
  3545 | D:4      | Found a white marble altar of Elyvilon.
  3566 | D:4      | Reached XP level 7. HP: 41/41 MP: 7/7
  3739 | D:4      | Found a broken altar of Ashenzari.
  4015 | D:5      | Entered Level 5 of the Dungeon
  4083 | D:5      | Reached skill level 5 in Short Blades
  4083 | D:5      | Reached skill level 7 in Stealth
  4360 | D:5      | Noticed Sigmund
  4362 | D:5      | Killed Sigmund
  4362 | D:5      | Reached *** piety under Trog
  4363 | D:5      | Reached XP level 8. HP: 46/46 MP: 8/8
  4376 | D:5      | Reached skill level 8 in Stealth
  4515 | D:5      | Noticed Menkaure
  4519 | D:5      | Killed Menkaure
  4623 | D:5      | Reached skill level 9 in Stealth
  4665 | D:5      | Reached XP level 9. HP: 39/51 MP: 9/9
  5207 | D:6      | Found a staircase to the Ecumenical Temple.
  5476 | D:6      | HP: 15/51 [white imp/puff of frost[an orc wizard] (7)]
  5476 | D:6      | Killed from afar by a white imp

Illustrated notes

Levels and vault maps discovered:
D:1:      lightli_arrival_statue_moat, layout_rooms, basic_ecumenical_altar
D:2:      layout_basic
D:3:      layout_rooms, mainiacjoe_overflow_alcove_4, portal_sewer_entry_f,
          grunt_ministairs_15, minivault_11
D:4:      layout_rooms, nicolae_elyvilon_peaceful_grove, evilmike_ruin_ashenzari
D:5:      layout_loops_ring, minmay_crystal_water, uniq_sigmund, uniq_menkaure
D:6:      layout_cave_pods, minmay_temple_entry_glassed_door,
          minmay_misc_feat_nine_boxes

Skill      XL: |  1  2  3  4  5  6  7  8 |
---------------+-------------------------+-----
Stealth        | 2 3 4 5 6 7 9 |  9.7
Dodging        | 3 4 5 6 7 8 |  8.6
Short Blades   | 5 7 |  7.9
Fighting       | |  3.3
Armour         | |  1.6

Action                   |  1- 3 |  4- 6 |  7- 9 || total
-------------------------+-------+-------+-------++-------
Melee: Short sword       |    97 |    61 |       ||   158
       Punch             |     2 |     1 |     3 ||     6
       Dagger            |       |    42 |   103 ||   145
Invok: Berserk           |     1 |     2 |     1 ||     4
  Use: Scroll            |       |       |     1 ||     1
 Stab: Sleeping          |     8 |    13 |    19 ||    40
       Distracted        |       |       |     1 ||     1
Armor: Animal skin       |    13 |     6 |     3 ||    22
Dodge: Dodged            |    66 |    64 |    60 ||   190
